 Dungeon Sprint DCSS version 0.17-a0-1545-gc1bb672 (webtiles) character file.

27406 nuthulu the Tortoise (level 13, -7/96 HPs)
             Began as a Gargoyle Fighter on July 18, 2015.
             Was the Champion of Okawaru.
             Killed from afar by a hell knight (31 damage)
             ... with a bolt of fire
             ... in the Dungeon (Sprint VII: "The Pits").
             The game lasted 00:16:14 (4011 turns).

nuthulu the Tortoise (Gargoyle Fighter)             Turns: 4011, Time: 00:16:14

Health: -7/96      AC: 32    Str: 28    XL:     13   Next: 32%
Magic:  18/20      EV: 14    Int:  9    God:    Okawaru [******]
Gold:   0          SH: 17    Dex: 12    Spells: 0 memorised, 12 levels left

rFire  . . .     SeeInvis +     L - +14 obsidian axe {chop, +Fly Str+3 SInv *Curse} (curse)
rCold  . . .     Clarity  .     K - +1 plate armour {rN+}
rNeg   + + .     SustAt   .     c - +0 shield
rPois  ∞         Gourm    +     y - +0 helmet {SInv}
rElec  +         Spirit   .     (no cloak)
rCorr  .         Warding  .     (no gloves)
rMut   .         NoTele   +     (no boots)
MR     .....                    J - amulet of the gourmand
Stlth  ..........               w - +3 ring of evasion
                                u - +3 ring of strength

@: heroism, mesmerised, not resistant to hostile enchantments, extremely
unstealthy
A: negative energy resistance 1, electricity resistance, unbreathing,
petrification resistance, rot immunity, AC +9
a: Heroism, Finesse, Renounce Religion, Evoke Flight


You were in the Dungeon.
You worshipped Okawaru.
Okawaru was exalted by your worship.
You were not hungry.

You visited 1 branch

Inventory:

Hand weapons
 a - a +0 flail
 r - a +1 mace of crushing
 t - a +1 morningstar of holy wrath
 E - a +1 eveningstar of crushing
 L - the cursed +14 obsidian axe (weapon) {chop, +Fly Str+3 SInv *Curse}
   (You took it off a merfolk in the Dungeon)

   It inflicts extra damage upon your enemies.
   It affects your strength (+3).
   It lets you see invisible.
   It lets you fly.
   It may re-curse itself when equipped.
   It has a curse placed upon it.
Armour
 b - a +0 scale mail
 c - a +0 shield (worn)
 s - a +4 plate armour
 x - a +0 helmet
 y - a +0 helmet of see invisible (worn)
 K - a +1 plate armour of positive energy (worn)
Rods
 I - a +4 rod of shadows (13/13)
   (You took it off a minotaur in the Dungeon)
Jewellery
 u - a +3 ring of strength (left hand)
 w - a +3 ring of evasion (right hand)
 A - an uncursed ring of ice
 F - an uncursed ring of positive energy
 G - an uncursed ring of sustain attributes
 J - an amulet of the gourmand (around neck)
Scrolls
 k - 2 scrolls of blinking
 o - 5 scrolls of remove curse
 p - 5 scrolls of amnesia
 q - a scroll of summoning
 z - 3 scrolls of recharging
 C - 3 scrolls of fog
 D - 3 scrolls of identify
Potions
 d - 2 potions of might
 f - 9 potions of curing
 g - 4 potions of heal wounds
 h - 2 potions of haste
 i - 4 potions of magic
 j - 2 potions of berserk rage
 n - 3 potions of invisibility
 v - 2 potions of resistance
 B - a potion of agility
 H - 2 potions of cure mutation
Comestibles
 e - 6 bread rations
 l - 40 fruits
 m - 6 meat rations
 M - 11 royal jellies


   Skills:
 - Level 17.2(22.2) Fighting
 * Level 8.4(17.6) Axes
 - Level 15.9(21.7) Maces & Flails
 - Level 17.3(22.3) Armour
 - Level 17.2(22.2) Shields
 * Level 10.1 Invocations


You had 12 spell levels left.
You didn't know any spells.

Dungeon Overview and Level Annotations

Branches:
Dungeon (1/1)

Altars:
Ashenzari
Cheibriados
Dithmenos
Elyvilon
Fedhas
Gozag
Kikubaaqudgha
Makhleb
Nemelex Xobeh
Okawaru
Qazlal
Ru
Sif Muna
Trog
Vehumet
Xom
Yredelemnul
Zin
The Shining One
Beogh
Jiyva
Lugonu


Innate Abilities, Weirdness & Mutations

You are resistant to torment.
Your stone body is resilient (AC +9).
You are immune to poison.
You resist negative energy.
You are resistant to electric shocks.
You can survive without breathing.
You are immune to petrification.
You are immune to rotting.


Message History

You completely miss the hell knight. You slash the death knight!
The death knight is almost dead.
You slice the hell knight!!
The hell knight is moderately wounded.
You block the hell knight's attack.
A merfolk avatar comes into view.
Unknown command.
The merfolk avatar shouts!
You hit the hell knight but do no damage.
You slice the death knight!!
You kill the death knight!
Okawaru is honoured by your kill. Something appears at your feet!
Okawaru grants you a gift!
Your Invocations skill increases to level 10!
You slash the hell knight! You open a gate to Pandemonium!
A demon appears!
The hell knight is heavily wounded.
The hell knight casts a spell at you. The bolt of fire hits you!
You die...

#####++## .## #........
....#####........ .#
.....pp)3..#....#..#
m....pp@'..........#
#########..........#
#########..#....#..#
.......++..........#
.......++..........#
##############..##..#....#..#
.#)#)#.#.#.# #.. #....).....+
#.#(#.#:#.# #.. #...)......+
(#)#)#)#.# #.. ###''####''#


You could see a merfolk avatar, 3 hell knights, a necromancer and a friendly ice
devil.

Vanquished Creatures
  A titan (D)
  Ilsuiw (D)
  A war gargoyle (D)
  A red draconian (D)
  2 merfolk javelineers (D)
  A minotaur (D)
  A catoblepas (D)
  A spriggan air mage (D)
  A merfolk avatar (D)
  2 death knights (D)
  An alligator snapping turtle (D)
  2 hell hogs (D)
  A hell knight (D)
  An unseen horror (D)
  A deep troll (D)
  A phantasmal warrior (D)
  A swamp dragon (D)
  A wizard (D)
  A griffon (D)
  3 hornets (D)
  2 sirens (D)
  A cyclops (D)
  A sixfirhy (D)
  A manticore (D)
  3 kobold demonologists (D)
  An efreet (D)
  A spiny frog (D)
  A guardian mummy (D)
  2 fire drakes (D)
  A polar bear (D)
  A troll (D)
  2 red devils (D)
  A komodo dragon (D)
  A merfolk (D)
  A two-headed ogre (D)
  A wind drake (D)
  A giant leech (D)
  A small abomination (D)
  A redback (D)
  A spriggan (D)
  2 ynoxinuls (D)
  4 wraiths (D)
  A tarantella (shapeshifter) (D)
  4 yaks (D)
  2 basilisks (D)
  A neqoxec (D)
  A steam dragon (D)
  A large abomination (D)
  An eye of draining (D)
  2 earth elementals (D)
  2 big kobolds (D)
  A gnoll sergeant (D)
  A crimson imp (D)
  A hound (D)
  An orc priest (D)
  2 iron imps (D)
  3 iguanas (D)
  A worker ant (D)
  6 gnolls (D)
  An adder (D)
  2 giant eyeballs (D)
  An ufetubus (D)
  A worm (D)
  A giant gecko (D)
  An orc (D)
  A ball python (D)
  A bat (D)
  A bat simulacrum (D)
  2 giant cockroaches (D)
  2 goblins (D)
  A hobgoblin (D)
  10 jackals (D)
  5 kobolds (D)
  A giant gecko skeleton (D)
  2 giant newts (D)
  A rat (D)
121 creatures vanquished.

Vanquished Creatures (collateral kills)
  A deep elf annihilator (D)
  A hydra (D)
  A spriggan (D)
  A freezing wraith (D)
  A wandering mushroom (D)
  A wasp (D)
6 creatures vanquished.

Vanquished Creatures (others)
  A sky beast (D)
  An adder skeleton (D)
  A jackal (D)
3 creatures vanquished.

Grand Total: 130 creatures vanquished

Notes
Turn   | Place    | Note
--------------------------------------------------------------
     0 | D        | nuthulu the Gargoyle Fighter began the quest for the Orb.
     0 | D        | Reached XP level 1. HP: 14/14 MP: 1/1
    59 | D        | Found a sacrificial altar of Ru.
    59 | D        | Found a basalt altar of Yredelemnul.
    59 | D        | Found a shadowy altar of Dithmenos.
    59 | D        | Found a deep blue altar of Sif Muna.
    59 | D        | Found a burning altar of Makhleb.
    59 | D        | Found a shimmering altar of Xom.
    59 | D        | Found an ancient bone altar of Kikubaaqudgha.
    59 | D        | Found a sparkling altar of Nemelex Xobeh.
    60 | D        | Found a glowing golden altar of the Shining One.
    60 | D        | Found a bloodstained altar of Trog.
    60 | D        | Found a shattered altar of Ashenzari.
    60 | D        | Found a white marble altar of Elyvilon.
    60 | D        | Found a snail-covered altar of Cheibriados.
    60 | D        | Found a blossoming altar of Fedhas.
    60 | D        | Found a radiant altar of Vehumet.
    60 | D        | Found a glowing silver altar of Zin.
    60 | D        | Found a corrupted altar of Lugonu.
    60 | D        | Found a viscous altar of Jiyva.
    60 | D        | Found a roughly hewn altar of Beogh.
    60 | D        | Found an iron altar of Okawaru.
    64 | D        | Found a stormy altar of Qazlal.
    65 | D        | Found an opulent altar of Gozag.
    67 | D        | Became a worshipper of Warmaster Okawaru
    85 | D        | Reached skill level 4 in Fighting
    85 | D        | Reached XP level 2. HP: 20/20 MP: 2/2
   297 | D        | Reached XP level 3. HP: 20/24 MP: 3/3
   381 | D        | Noticed a hound
   409 | D        | Killed a hound
   409 | D        | Reached skill level 5 in Fighting
   409 | D        | Reached skill level 5 in Armour
   409 | D        | Reached skill level 5 in Shields
   409 | D        | Reached XP level 4. HP: 23/31 MP: 4/4
   485 | D        | Noticed an iguana
   508 | D        | Killed an iguana
   590 | D        | Noticed an orc priest
   600 | D        | Killed an orc priest
   600 | D        | Reached skill level 6 in Fighting
   600 | D        | Reached skill level 5 in Maces & Flails
   600 | D        | Reached XP level 5. HP: 25/37 MP: 5/5
   695 | D        | Noticed a wraith
   708 | D        | Killed a wraith
   708 | D        | Acquired Okawaru's first power
   708 | D        | Reached skill level 7 in Fighting
   708 | D        | Reached XP level 6. HP: 28/44 MP: 6/6
   816 | D        | Noticed a crimson imp
   816 | D        | Noticed a manticore
   816 | D        | Noticed a wraith
   818 | D        | Noticed a sky beast
   827 | D        | Killed a sky beast
   827 | D        | Reached skill level 8 in Fighting
   854 | D        | Killed a manticore
   854 | D        | Reached skill level 9 in Fighting
   854 | D        | Reached XP level 7. HP: 23/51 MP: 7/7
   863 | D        | Killed a crimson imp
   945 | D        | Killed a wraith
   945 | D        | Reached skill level 10 in Fighting
   945 | D        | Reached XP level 8. HP: 39/57 MP: 6/8
  1161 | D        | Noticed a red devil
  1161 | D        | Noticed a hornet
  1173 | D        | Killed a hornet
  1173 | D        | Reached skill level 10 in Armour
  1173 | D        | Reached skill level 10 in Shields
  1191 | D        | Killed a red devil
  1191 | D        | Reached skill level 11 in Fighting
  1251 | D        | Noticed a giant leech
  1254 | D        | Noticed a gnoll sergeant
  1254 | D        | Noticed a polar bear
  1255 | D        | Noticed an iguana
  1256 | D        | Noticed a wind drake
  1270 | D        | Killed a giant leech
  1270 | D        | Reached skill level 10 in Maces & Flails
  1270 | D        | Reached XP level 9. HP: 59/64 MP: 7/9
  1292 | D        | Killed a wind drake
  1294 | D        | Killed an iguana
  1305 | D        | Killed a polar bear
  1309 | D        | Killed a gnoll sergeant
  1395 | D        | Noticed a steam dragon
  1395 | D        | Noticed a phantasmal warrior
  1396 | D        | Paralysed by a giant eyeball for 2 turns
  1431 | D        | Killed a phantasmal warrior
  1431 | D        | Reached skill level 12 in Fighting
  1434 | D        | Killed a steam dragon
  1437 | D        | Paralysed by a giant eyeball for 4 turns
  1444 | D        | Paralysed by a giant eyeball for 3 turns
  1635 | D        | Noticed a komodo dragon
  1635 | D        | Noticed a deep troll
  1635 | D        | Noticed a hell hog
  1638 | D        | Noticed a sixfirhy
  1650 | D        | Killed a hell hog
  1650 | D        | Reached XP level 10. HP: 34/72 MP: 7/10
  1656 | D        | Killed a sixfirhy
  1659 | D        | Noticed a hell hog
  1661 | D        | Killed a komodo dragon
  1661 | D        | Acquired Okawaru's second power
  1661 | D        | Reached skill level 13 in Fighting
  1667 | D        | Killed a hell hog
  1676 | D        | Killed a deep troll
  1676 | D        | Received a gift from Okawaru
  1943 | D        | Noticed a yak
  1943 | D        | Noticed a yak
  1943 | D        | Noticed a yak
  1943 | D        | Noticed a cyclops
  1943 | D        | Noticed a kobold demonologist
  1943 | D        | Noticed a big kobold
  1943 | D        | Noticed a kobold demonologist
  1943 | D        | Noticed a big kobold
  1943 | D        | Noticed a large abomination
  1943 | D        | Noticed an iguana
  1943 | D        | Noticed a ynoxinul
  1944 | D        | Noticed a yak
  1944 | D        | Noticed a kobold demonologist
  1944 | D        | Noticed an iron imp
  1944 | D        | Noticed a worker ant
  1983 | D        | Noticed a sun demon
  1987 | D        | Killed a kobold demonologist
  2002 | D        | Killed a kobold demonologist
  2176 | D        | Killed a yak
  2179 | D        | Killed a large abomination
  2187 | D        | Killed a yak
  2187 | D        | Reached skill level 14 in Armour
  2201 | D        | Killed a yak
  2225 | D        | Noticed an iron imp
  2250 | D        | Killed a yak
  2251 | D        | Noticed a soul eater
  2261 | D        | Noticed a rust devil
  2267 | D        | Gained mutation: You tend to lose your temper in combat. [a neqoxec]
  2272 | D        | Gained mutation: You are clumsy. (Dex -2) [a neqoxec]
  2278 | D        | Noticed a smoke demon
  2288 | D        | Killed a kobold demonologist
  2288 | D        | Reached XP level 11. HP: 33/80 MP: 8/11
  2295 | D        | Killed an iron imp
  2310 | D        | Killed a big kobold
  2349 | D        | Killed a big kobold
  2517 | D        | Noticed a basilisk
  2517 | D        | Killed a cyclops
  2523 | D        | Killed a worker ant
  2528 | D        | Killed a basilisk
  2535 | D        | Noticed a small abomination
  2536 | D        | Noticed a wraith
  2536 | D        | Noticed a basilisk
  2536 | D        | Noticed a griffon
  2537 | D        | Noticed a redback
  2557 | D        | Killed a griffon
  2557 | D        | Received a gift from Okawaru
  2567 | D        | Killed a wraith
  2570 | D        | Noticed a fire drake
  2574 | D        | Killed a small abomination
  2579 | D        | Killed an iron imp
  2598 | D        | Killed a ynoxinul
  2602 | D        | Killed a fire drake
  2616 | D        | Killed a redback
  2621 | D        | Noticed an efreet
  2624 | D        | Killed a basilisk
  2632 | D        | Killed an efreet
  2781 | D        | Killed an iguana
  2887 | D        | Lost mutation: You tend to lose your temper in combat. [potion of cure mutation]
  2887 | D        | Lost mutation: You are clumsy. (Dex -2) [potion of cure mutation]
  2961 | D        | Noticed a two-headed ogre
  2961 | D        | Noticed a fire drake
  2966 | D        | Killed a two-headed ogre
  2966 | D        | Reached skill level 15 in Armour
  2968 | D        | Noticed a catoblepas
  2970 | D        | Noticed a red devil
  2970 | D        | Killed a fire drake
  2970 | D        | Reached skill level 15 in Fighting
  2971 | D        | Noticed a guardian mummy
  2971 | D        | Noticed an unseen horror
  2988 | D        | Killed a catoblepas
  2988 | D        | Reached skill level 15 in Shields
  2989 | D        | Noticed a swamp dragon
  2998 | D        | Killed a red devil
  2999 | D        | Noticed Ilsuiw
  3007 | D        | Noticed a minotaur
  3008 | D        | Identified a +4 rod of shadows (8/13)
  3029 | D        | Noticed an earth elemental
  3037 | D        | Noticed a siren
  3056 | D        | Killed a minotaur
  3056 | D        | Received a gift from Okawaru
  3060 | D        | Killed an unseen horror
  3063 | D        | Noticed an earth elemental
  3069 | D        | Killed an earth elemental
  3075 | D        | Killed an earth elemental
  3076 | D        | Noticed a merfolk javelineer
  3076 | D        | Noticed a merfolk javelineer
  3111 | D        | Killed a siren
  3114 | D        | Noticed a siren
  3114 | D        | Noticed a neqoxec
  3125 | D        | Killed a swamp dragon
  3128 | D        | Noticed a merfolk
  3129 | D        | Killed a merfolk javelineer
  3129 | D        | Reached skill level 16 in Armour
  3129 | D        | Reached XP level 12. HP: 57/88 MP: 9/12
  3138 | D        | Killed a neqoxec
  3142 | D        | Killed a guardian mummy
  3159 | D        | Killed a merfolk javelineer
  3161 | D        | Noticed an eye of draining
  3169 | D        | Killed a merfolk
  3170 | D        | Noticed a spriggan
  3170 | D        | Noticed a death knight
  3173 | D        | Killed Ilsuiw
  3173 | D        | Reached skill level 15 in Maces & Flails
  3179 | D        | Killed a siren
  3185 | D        | Killed a death knight
  3186 | D        | Noticed a red draconian
  3190 | D        | Killed a red draconian
  3191 | D        | Noticed a titan
  3194 | D        | Killed a titan
  3194 | D        | Received a gift from Okawaru
  3194 | D        | Reached skill level 17 in Fighting
  3195 | D        | Noticed a wraith
  3197 | D        | Killed a spriggan
  3205 | D        | Killed a wraith
  3206 | D        | Noticed a hornet
  3207 | D        | Killed an eye of draining
  3216 | D        | HP: 4/91 [hornet (9)]
  3221 | D        | Killed a hornet
  3511 | D        | Noticed a troll
  3512 | D        | Noticed a hornet
  3517 | D        | Killed a troll
  3517 | D        | Reached skill level 1 in Axes
  3517 | D        | Reached skill level 1 in Invocations
  3518 | D        | Killed a hornet
  3528 | D        | Noticed a ynoxinul
  3528 | D        | Noticed a spriggan rider
  3528 | D        | Noticed a spiny frog
  3532 | D        | Killed a spiny frog
  3538 | D        | Killed a spriggan rider
  3538 | D        | Killed a wasp
  3540 | D        | Killed a ynoxinul
  3546 | D        | Noticed a freezing wraith
  3548 | D        | Noticed a four-headed hydra
  3552 | D        | Killed a freezing wraith
  3556 | D        | Killed a six-headed hydra
  3556 | D        | Reached skill level 5 in Invocations
  3671 | D        | Noticed a merfolk avatar
  3671 | D        | Noticed a war gargoyle
  3671 | D        | Noticed a spriggan air mage
  3671 | D        | Noticed an alligator snapping turtle
  3678 | D        | Noticed a wizard
  3682 | D        | Killed a merfolk avatar
  3682 | D        | Reached skill level 5 in Axes
  3682 | D        | Reached XP level 13. HP: 72/96 MP: 13/17
  3683 | D        | Killed a spriggan air mage
  3686 | D        | Killed a war gargoyle
  3687 | D        | Noticed a wandering mushroom
  3690 | D        | Killed a wizard
  3693 | D        | Killed an alligator snapping turtle
  3696 | D        | Noticed a deep elf annihilator
  3703 | D        | Killed a wandering mushroom
  3705 | D        | Killed a deep elf annihilator
  3999 | D        | Noticed a hell knight
  3999 | D        | Noticed a hell knight
  3999 | D        | Noticed a death knight
  4000 | D        | Noticed a necromancer
  4000 | D        | Noticed a hell knight
  4001 | D        | Noticed a hell knight
  4007 | D        | Killed a hell knight
  4011 | D        | Noticed a merfolk avatar
  4011 | D        | Killed a death knight
  4011 | D        | Received a gift from Okawaru
  4011 | D        | Reached skill level 10 in Invocations
  4011 | D        | Killed from afar by a hell knight

Vault maps used:
D:        pitsprint

Action                   |  1- 3 |  4- 6 |  7- 9 | 10-12 | 13-15 || total
-------------------------+-------+-------+-------+-------+-------++-------
Melee: Flail             |    75 |    24 |       |       |       ||    99
       Mace              |       |    53 |   143 |   273 |       ||   469
       Morningstar       |       |       |       |   222 |       ||   222
       Broad axe         |       |       |       |    25 |    24 ||    49
Invok: Heroism           |       |     1 |     5 |     9 |     1 ||    16
       Finesse           |       |       |       |     1 |       ||     1
  Use: Potion            |       |     1 |     1 |    15 |     1 ||    18
       Scroll            |       |       |       |     2 |       ||     2
  Eat: Chunk             |       |       |     1 |     2 |       ||     3
       Bread ration      |       |       |     1 |     1 |       ||     2
       Meat ration       |       |       |       |     1 |       ||     1
       Royal jelly       |       |       |       |       |     1 ||     1
